 Dungeon Crawl Stone Soup version 0.26-a0-652-gafc20e3620 (webtiles) character file.

Game seed: 16024865494288309375

250 looop the Poker (level 5, -2/43 HPs)
             Began as a Demonspawn Fighter on Oct 2, 2020.
             Slain by an ogre
             ... wielding a +0 giant club
              (21 damage)
             ... on level 4 of the Dungeon on Oct 3, 2020.
             The game lasted 00:04:04 (3512 turns).

looop the Poker (Demonspawn Fighter)                Turns: 3512, Time: 00:04:05

Health: -2/43      AC:  9    Str: 17    XL:     5   Next: 88%
Magic:  5/5        EV:  6    Int:  9    God:
Gold:   144        SH:  8    Dex: 13    Spells: 4/4 levels left

rFire    . . .     SeeInvis .   a - +0 trident
rCold    . . .     Faith    .   c - +0 kite shield
rNeg     . . .     Spirit   .   b - +0 scale mail
rPois    .         Reflect  .   (no helmet)
rElec    .         Harm     .   d - +0 cloak
rCorr    .         Rampage  .   (no gloves)
MR       .....                  (no boots)
Stlth    ..........             (no amulet)
HPRegen  0.14/turn              (no ring)
MPRegen  0.09/turn              (no ring)

@: no status effects
A: icy blue scales 1, powered by pain 1
a: no special abilities


You were on level 4 of the Dungeon.
You visited 1 branch of the dungeon, and saw 4 of its levels.

You collected 144 gold pieces.

Inventory:

Hand Weapons
 a - a +0 trident (weapon)
Missiles
 s - 6 atropa-tipped darts (quivered)
Armour
 b - a +0 scale mail (worn)
 c - a +0 kite shield (worn)
 d - a +0 cloak (worn)
Jewellery
 o - a +6 ring of dexterity {unknown}
Wands
 t - a wand of polymorph (6)
Scrolls
 e - 3 scrolls of amnesia {unknown}
 f - 2 scrolls of remove curse {unknown}
 j - 5 scrolls of teleportation {unknown}
 l - a scroll of fog {unknown}
 m - a scroll of enchant armour {unknown}
 q - a scroll of fear {unknown}
 r - a scroll of noise {unknown}
 u - a scroll of blinking {unknown}
 v - a scroll of enchant weapon {unknown}
Potions
 g - 2 potions of degeneration {unknown}
 h - 2 potions of cancellation {unknown}
 i - a potion of lignification
 k - a potion of flight {unknown}
 n - a potion of brilliance {unknown}
 p - 2 potions of curing {unknown}
 w - a potion of heal wounds {unknown}
 x - a potion of ambrosia {unknown}


   Skills:
 + Level 4.4 Fighting
 * Level 4.7 Polearms
 - Level 2.6 Armour
 - Level 2.6 Shields


You had 4 spell levels left.
You didn't know any spells.
Your spell library was empty.

Dungeon Overview and Level Annotations

Branches:
Dungeon (4/15)
 Temple: D:4-7

Altars:


Innate Abilities, Weirdness & Mutations

You are partially covered in icy blue scales. (AC +2)
You sometimes gain a little power by taking damage.


Message History

You block the worker ant's attack.
You see here a metallic purple potion.
The worker ant bites you but does no damage.
Found a stone staircase leading up.
You completely miss the ogre.
The ogre is heavily wounded.
The ogre hits you with a +0 giant club!
You barely miss the ogre.
The ogre is heavily wounded.
The ogre completely misses you.
You hit the ogre.
The ogre is heavily wounded.
The ogre hits you with a +0 giant club.
You hit the ogre.
The ogre is heavily wounded.
You block the ogre's attack.
You puncture the ogre!
The ogre is almost dead.
The ogre hits you with a +0 giant club!!
You die...

##### #....
#####################....
.........................
..............#######....
############..# #....
..<....@Oa...# #....
##.#######.†.# #....
#...# #.... #...# #....
#...# #.... #...# #####
#!..# #...# ..........#


You could see an ogre and a worker ant.

Vanquished Creatures
  The ghost of rogsnak the Firebug, an amateur TeFE of Sif Muna (D:3)
  Terence (D:2)
  4 adders
  An ooze (D:3)
  2 worms (D:2)
  2 dart slugs (D:3)
  4 leopard geckos
  2 orcs (D:3)
  4 giant cockroaches
  2 goblins
  8 hobgoblins
  3 jackals (D:3)
  12 kobolds
  10 bats
  4 frilled lizards
  7 rats
67 creatures vanquished.

Notes
Turn   | Place    | Note
-------+----------+-------------------------------------------
     0 | D:1      | looop the Demonspawn Fighter began the quest for the Orb.
     0 | D:1      | Reached XP level 1. HP: 18/18 MP: 1/1
   231 | D:1      | Gained mutation: You sometimes gain a little power by
                  | taking damage. [demonic ancestry]
   231 | D:1      | Reached XP level 2. HP: 23/24 MP: 2/2
  1054 | D:2      | Reached XP level 3. HP: 20/29 MP: 3/3
  1367 | D:2      | Found a faded altar of an unknown god.
  2086 | D:2      | Noticed Terence
  2096 | D:2      | Killed Terence
  2096 | D:2      | Gained mutation: You are partially covered in icy blue
                  | scales. (AC +2) [demonic ancestry]
  2096 | D:2      | Reached XP level 4. HP: 31/37 MP: 4/4
  2529 | D:3      | Found a runed translucent gate.
  2529 | D:3      | Found a runed translucent gate.
  2529 | D:3      | Found a runed translucent gate.
  2531 | D:3      | Noticed rogsnak's ghost (amateur TeFE)
  3043 | D:3      | Killed rogsnak's ghost
  3043 | D:3      | Reached XP level 5. HP: 25/43 MP: 5/5
  3491 | D:4      | Noticed an ogre
  3512 | D:4      | Slain by an ogre

Illustrated notes

Levels and vault maps discovered:
D:1:      heliophobic_arrival_ceremonial_halls, layout_loops_ring,
          minmay_misc_feat_square, hangedman_decor_slide_cut
D:2:      layout_basic, chequers_ecumenical_altar_lobes,
          kennysheep_cluttered_room, uniq_terence
D:3:      layout_loops_ring, serial_glass, glass_columns_a, glass_columns_b,
          ebering_ghost_rock_garden
D:4:      layout_basic

Skill      XL: |  1  2  3  4 |
---------------+-------------+-----
Polearms       | 2 3 4 |  4.7
Fighting       | 4 |  4.4
Armour         | |  2.6
Shields        | |  2.6

Action                   |  1- 3 |  4- 6 || total
-------------------------+-------+-------++-------
Melee: Trident           |   183 |   145 ||   328
  Use: Potion            |     1 |     1 ||     2
Armor: Scale mail        |    59 |    69 ||   128
       Skin              |    18 |       ||    18
Dodge: Dodged            |    46 |    32 ||    78
Block: Kite shield       |    96 |    60 ||   156

Table legend: (Time is in decaauts)
 A = Elapsed time spent in this place.
 B = Non-inter-level travel time spent in this place.
 C = Inter-level travel time spent in this place.
 D = Time resting spent in this place.
 E = Time spent auto-exploring this place.
 F = Levels seen in this place.
 G = Mean time per level.
                   A        B        C        D        E       F      G
               +--------+--------+--------+--------+--------+-----+--------+
         Total |   3586 |   3520 |     66 |    403 |   2511 |   4 |  896.5 |
       Dungeon |   3586 |   3520 |     66 |    403 |   2511 |   4 |  896.5 |
               +--------+--------+--------+--------+--------+-----+--------+

Top non-repeatable levels by time:
     D:2: 1194 daAuts
     D:3: 1042 daAuts
     D:1: 1037 daAuts
     D:4: 312 daAuts
